 Dungeon Crawl Stone Soup version 0.21.1-74-g47da925 (webtiles) character file.

1890 antares the Sneak (level 9, -18/69 HPs)
             Began as a Gnoll Wanderer on Aug 8, 2018.
             Was a Follower of Sif Muna.
             Killed from afar by arcanemastermind's ghost (32 damage)
             ... with a fireball
             ... on level 8 of the Dungeon.
             The game lasted 00:15:24 (10256 turns).

antares the Sneak (Gnoll Wanderer)                 Turns: 10256, Time: 00:15:24

Health: -18/69     AC:  5    Str: 15    XL:     9   Next: 15%
Magic:  18/18      EV: 14    Int: 19    God:    Sif Muna [*.....]
Gold:   459        SH:  2    Dex: 13    Spells: 17/20 levels left

rFire    . . .     SeeInvis .   b - +1 mace (protect)
rCold    . . .     Gourm    .   (no shield)
rNeg     . . .     Faith    .   t - +0 leather armour
rPois    +         Spirit   .   w - +0 helmet
rElec    .         Reflect  +   (no cloak)
rCorr    .         Harm     .   l - +0 pair of gloves
MR       .....                  (no boots)
Stlth    ++++......             y - +2 amulet of reflection
HPRegen  0.21/turn              i - ring of stealth
MPRegen  0.16/turn              o - ring of poison resistance

@: no status effects
A: distributed training, fangs 1, strong nose
a: Divine Energy, Renounce Religion


You were on level 8 of the Dungeon.
You worshipped Sif Muna.
Sif Muna was aware of your devotion.
You were very hungry.

You visited 1 branch of the dungeon, and saw 8 of its levels.

You collected 459 gold pieces.

Inventory:

Hand Weapons
 a - a +1 dagger of holy wrath
 b - a +1 mace of protection (weapon)
 C - a +0 scimitar
Armour
 l - a +0 pair of gloves (worn)
 t - a +0 leather armour (worn)
 w - a +0 helmet (worn)
Jewellery
 i - a ring of stealth (left hand)
 o - a ring of poison resistance (right hand)
 y - a +2 amulet of reflection (around neck)
Wands
 r - a wand of random effects (15)
 B - a wand of flame (48)
Scrolls
 e - 2 scrolls of noise
 j - a scroll of enchant armour {unknown}
 n - 2 scrolls of remove curse
 p - 3 scrolls of immolation
 s - a scroll of blinking
 v - 2 scrolls of teleportation
 A - a scroll of fear
 F - a scroll of amnesia {unknown}
Potions
 g - 3 potions of lignification
 h - 3 potions of curing
 k - a potion of resistance {unknown}
 m - 2 potions of heal wounds
 q - a potion of magic
 u - 2 potions of brilliance {unknown}
 x - a potion of agility
 z - a potion of degeneration {unknown}
 D - a potion of cancellation
 E - a potion of ambrosia
Books
 c - the Collected Works on Envenoming

   Spells                             Type                      Level
   a - Sting                          Conjuration/Poison           1
   b - Mephitic Cloud                 Conjuration/Poison/Air       3
 d - Veralecacu's Incunabulum of Feathers

   Spells                             Type                      Level
   a - Swiftness                      Charms/Air                   2
   b - Poisonous Vapours              Poison/Air                   2
Comestibles
 f - 7 rations


   Skills:
 + Level 6.1 Fighting
 + Level 3.9 Short Blades
 + Level 3.9 Long Blades
 + Level 3.9 Axes
 + Level 3.9 Maces & Flails
 + Level 3.9 Polearms
 + Level 3.9 Staves
 + Level 3.9 Slings
 + Level 3.9 Bows
 + Level 3.9 Crossbows
 + Level 3.9 Throwing
 + Level 3.9 Armour
 + Level 4.7 Dodging
 + Level 7.2 Stealth
 + Level 4.7 Shields
 + Level 3.9 Unarmed Combat
 + Level 6.4 Spellcasting
 + Level 3.9 Conjurations
 + Level 3.2 Hexes
 + Level 3.2 Charms
 + Level 3.2 Summonings
 + Level 3.2 Necromancy
 + Level 3.2 Translocations
 + Level 3.2 Transmutations
 + Level 3.2 Fire Magic
 + Level 3.2 Ice Magic
 + Level 3.2 Air Magic
 + Level 3.2 Earth Magic
 + Level 3.2 Poison Magic
 + Level 4.2 Invocations
 + Level 3.9 Evocations


You had 17 spell levels left.
You knew the following spells:

 Your Spells              Type           Power        Failure   Level  Hunger
a - Sting                 Conj/Pois      ###.         3%          1    None
v - Poisonous Vapours     Pois/Air       ###...       5%          2    None


Dungeon Overview and Level Annotations

Branches:
Dungeon (8/15)             Temple (0/1) D:4
   Lair: D:8-11

Altars:
Dithmenos
Fedhas
Kikubaaqudgha
Okawaru
Qazlal
Ru
Sif Muna
Uskayaw
Vehumet
Xom
Zin
The Shining One

Shops:
D:7 }

Annotations:
D:8 arcanemastermind's ghost, novice DEFE


Innate Abilities, Weirdness & Mutations

Your experience applies equally to all skills.
You have very sharp teeth.
Your uncanny sense of smell can sniff out nearby items.


Message History

A troll is nearby!
Found a ration.
Arcanemastermind's ghost turns its malevolent gaze towards you.
Arcanemastermind's ghost points at you and mumbles some strange words.
The fireball explodes!
The fireball engulfs you!
Ouch! That really hurt!
* * * LOW HITPOINT WARNING * * *
A bullfrog comes into view.
You feel much better. Arcanemastermind's ghost hits you.
Arcanemastermind's ghost closely misses you.
Arcanemastermind's ghost points at you and mumbles some strange words.
The fireball explodes!
The fireball engulfs you!
* * * LOW HITPOINT WARNING * * *
You hear a loud, deep croak!
You open the door.
There is an open door here.
There is a stone staircase leading up here.
Arcanemastermind's ghost points at you and mumbles some strange words.
The fireball explodes!
The fireball engulfs you!
You die...

#...>...### ∆
...###.....###### T ..
##..........####.... ..
#................#
#...##....####....#####
#...#...F######+#+##
'........##.........
#.(......##.........
.........##.@.......
#........FW.........
#...)....##.........
#....#.#............
##.#.#.#.##.........
#.#.#.#.##.........
#.#.##.........
#........####
##########


You could see a bullfrog and arcanemastermind's ghost.

Vanquished Creatures
  The ghost of leafyfresh the Transmogrifier, an amateur MfTm (D:4)
  A hungry ghost (D:8)
  2 black bears (D:7)
  A phantom (D:7)
  2 centaurs
  A big kobold (D:7)
  2 bullfrogs
  2 scorpions
  A water moccasin skeleton (D:8)
  3 howler monkeys
  2 crimson imps
  A hound (D:7)
  3 orc priests
  A jelly (D:5)
  3 iguanas
  3 orc wizards
  3 worker ants
  A hound skeleton (D:5)
  A howler monkey zombie (D:6)
  9 adders
  A howler monkey skeleton (D:8)
  2 shadow imps (D:5)
  An adder zombie (D:3)
  2 worms
  5 dart slugs
  5 leopard geckos
  16 orcs
  A ball python (D:7)
  4 giant cockroaches
  8 goblins
  6 hobgoblins
  13 jackals
  19 kobolds
  2 quokkas
  8 bats
  6 frilled lizards
  5 rats
147 creatures vanquished.

Notes
Turn   | Place    | Note
-------+----------+-------------------------------------------
     0 | D:1      | antares the Gnoll Wanderer began the quest for the Orb.
     0 | D:1      | antares set off with: a +2 dagger, a scroll of fear, the Collected Works on Envenoming, Veralecacu's Incunabulum of Feathers, a +0 robe, a ration
     0 | D:1      | Reached XP level 1. HP: 20/20 MP: 6/6
     0 | D:1      | Identified the Collected Works on Envenoming
     0 | D:1      | Identified Veralecacu's Incunabulum of Feathers
     2 | D:1      | Learned a level 1 spell: Sting
    78 | D:1      | Reached XP level 2. HP: 11/26 MP: 3/7
   462 | D:1      | Reached XP level 3. HP: 31/31 MP: 1/9
   564 | D:1      | Reached skill level 5 in Spellcasting
   785 | D:1      | Reached skill level 6 in Stealth
   899 | D:1      | Reached skill level 1 in Invocations
  1249 | D:2      | Learned a level 2 spell: Poisonous Vapours
  1483 | D:2      | Reached skill level 1 in Short Blades
  1483 | D:2      | Reached skill level 1 in Long Blades
  1483 | D:2      | Reached skill level 1 in Axes
  1483 | D:2      | Reached skill level 1 in Maces & Flails
  1483 | D:2      | Reached skill level 1 in Polearms
  1483 | D:2      | Reached skill level 1 in Staves
  1483 | D:2      | Reached skill level 1 in Slings
  1483 | D:2      | Reached skill level 1 in Bows
  1483 | D:2      | Reached skill level 1 in Crossbows
  1483 | D:2      | Reached skill level 1 in Throwing
  1483 | D:2      | Reached skill level 1 in Armour
  1483 | D:2      | Reached skill level 1 in Unarmed Combat
  1483 | D:2      | Reached skill level 1 in Evocations
  1483 | D:2      | Reached XP level 4. HP: 34/38 MP: 4/11
  2090 | D:2      | Found a glowing golden altar of the Shining One.
  2516 | D:3      | Reached skill level 1 in Hexes
  2516 | D:3      | Reached skill level 1 in Charms
  2516 | D:3      | Reached skill level 1 in Summonings
  2516 | D:3      | Reached skill level 1 in Necromancy
  2516 | D:3      | Reached skill level 1 in Translocations
  2516 | D:3      | Reached skill level 1 in Transmutations
  2516 | D:3      | Reached skill level 1 in Fire Magic
  2516 | D:3      | Reached skill level 1 in Ice Magic
  2516 | D:3      | Reached skill level 1 in Air Magic
  2516 | D:3      | Reached skill level 1 in Earth Magic
  2516 | D:3      | Reached skill level 1 in Poison Magic
  2938 | D:3      | Reached XP level 5. HP: 40/43 MP: 7/12
  3166 | D:3      | Found a hide-covered altar of Uskayaw.
  4111 | D:4      | Found a staircase to the Ecumenical Temple.
  4258 | D:4      | Reached XP level 6. HP: 27/50 MP: 0/13
  4856 | D:4      | Noticed leafyfresh's ghost (amateur MfTm)
  4949 | D:4      | Found a sacrificial altar of Ru.
  5300 | D:2      | Found an ancient bone altar of Kikubaaqudgha.
  5300 | D:2      | Found a deep blue altar of Sif Muna.
  5300 | D:2      | Found a radiant altar of Vehumet.
  5300 | D:2      | Found a shadowy altar of Dithmenos.
  5306 | D:2      | Became a worshipper of Sif Muna the Loreminder
  5454 | D:4      | Reached skill level 5 in Fighting
  5820 | D:5      | Entered Level 5 of the Dungeon
  6397 | D:5      | Reached XP level 7. HP: 21/56 MP: 5/15
  6661 | D:5      | Found a shimmering altar of Xom.
  7897 | D:6      | Found a glowing silver altar of Zin.
  8451 | D:6      | Reached XP level 8. HP: 50/63 MP: 8/16
  8571 | D:7      | Found Vienenul's Gadget Emporium.
  8578 | D:7      | Found an iron altar of Okawaru.
  8671 | D:7      | Found a stormy altar of Qazlal.
  8680 | D:7      | Found a blossoming altar of Fedhas.
  9010 | D:7      | Noticed a troll
  9285 | D:7      | Reached * piety under Sif Muna
  9310 | D:7      | Reached skill level 7 in Stealth
  9548 | D:8      | Noticed arcanemastermind's ghost (novice DEFE)
  9958 | D:4      | Found a sacrificial altar of Ru.
  9993 | D:4      | Killed leafyfresh's ghost
  9993 | D:4      | Reached XP level 9. HP: 42/69 MP: 18/18
 10256 | D:8      | Killed from afar by arcanemastermind's ghost

Skill      XL: |  1  2  3  4  5  6  7  8 |
---------------+-------------------------+-----
Conjurations   | 2 3 |  3.9
Spellcasting   | 5 6 |  6.4
Stealth        | 6 7 |  7.2
Invocations    | 1 2 3 4 |  4.2
Short Blades   | 1 2 3 |  3.9
Long Blades    | 1 2 3 |  3.9
Axes           | 1 2 3 |  3.9
Maces & Flails | 1 2 3 |  3.9
Polearms       | 1 2 3 |  3.9
Staves         | 1 2 3 |  3.9
Slings         | 1 2 3 |  3.9
Bows           | 1 2 3 |  3.9
Crossbows      | 1 2 3 |  3.9
Throwing       | 1 2 3 |  3.9
Armour         | 1 2 3 |  3.9
Unarmed Combat | 1 2 3 |  3.9
Evocations     | 1 2 3 |  3.9
Hexes          | 1 2 3 |  3.2
Charms         | 1 2 3 |  3.2
Summonings     | 1 2 3 |  3.2
Necromancy     | 1 2 3 |  3.2
Translocations | 1 2 3 |  3.2
Transmutations | 1 2 3 |  3.2
Fire Magic     | 1 2 3 |  3.2
Ice Magic      | 1 2 3 |  3.2
Air Magic      | 1 2 3 |  3.2
Earth Magic    | 1 2 3 |  3.2
Poison Magic   | 1 2 3 |  3.2
Dodging        | 3 4 |  4.7
Shields        | 3 4 |  4.7
Fighting       | 5 6 |  6.1

Action                   |  1- 3 |  4- 6 |  7- 9 || total
-------------------------+-------+-------+-------++-------
Melee: Dagger            |    33 |    51 |    81 ||   165
       Bite              |     1 |     2 |    11 ||    14
       Punch             |       |     1 |     1 ||     2
       Mace              |       |       |    54 ||    54
 Cast: Sting             |    87 |   197 |   173 ||   457
  Use: Potion            |       |     1 |     1 ||     2
       Scroll            |       |    10 |     5 ||    15
 Stab: Sleeping          |       |       |     2 ||     2
  Eat: Chunk             |     2 |    10 |    12 ||    24
       Ration            |       |     1 |       ||     1
Armor: Robe              |    18 |     1 |       ||    19
       Leather armour    |       |    33 |    68 ||   101
Dodge: Dodged            |    55 |    88 |   167 ||   310
Block: Other             |       |     1 |    16 ||    17
